 Dungeon Crawl Stone Soup version 0.27-a0-223-ge082b6e869 (webtiles) character file.

Game seed: 12141188525183775882

45554 lunkers the Earth Mage (level 14, -4/88 HPs)
             Began as a Kobold Earth Elementalist on Feb 1, 2021.
             Was a High Priest of Vehumet.
             Slain by a manticore (18 damage)
             ... on level 6 of the Lair of Beasts.
             The game lasted 00:28:27 (23109 turns).

lunkers the Earth Mage (Kobold Earth Elementalist) Turns: 23109, Time: 00:28:28

Health: -4/88      AC:  9    Str:  7    XL:     14   Next: 71%
Magic:  18/46      EV: 15    Int: 24    God:    Vehumet [*****.]
Gold:   761        SH:  7    Dex: 17    Spells: 19/34 levels left

rFire    . . .     SeeInvis .   X - +2 mace of Qecu Eri {flame, MP+9} (curse)
rCold    + . .     Faith    .   k - +0 buckler
rNeg     . . .     Spirit   .   H - +0 leather armour "Xuibat" {*Drain rCorr Int+3 Stlth+}
rPois    .         Reflect  .   y - +1 helmet of Beogh's Inspiration {Stlth+}
rElec    .         Harm     .   e - +0 cloak {Will+}
rCorr    +         Rampage  .   s - +1 pair of gloves
Will     ++...                  (no boots)
Stlth    +++++++...             h - amulet of regeneration
HPRegen  0.64/turn              t - ring of magical power
MPRegen  0.30/turn              z - ring of the Octopus King {rC+ AC+1 EV+1 Str+1 Int+1 Dex+1}

@: lethally poisoned (-4 -> -4)
A: small, nightstalker 3
a: Renounce Religion


You were on level 6 of the Lair of Beasts.
You worshipped Vehumet.
Vehumet was extremely pleased with you.
You visited 2 branches of the dungeon, and saw 16 of its levels.

You collected 1423 gold pieces.
You spent 662 gold pieces at shops.

Inventory:

Hand Weapons
 a - a +5 scimitar of flaming
 Q - a +5 dagger of venom
 X - the cursed +2 mace of Qecu Eri (weapon) {flame, MP+9}
   (You bought it in a shop on level 9 of the Dungeon)

   It has been specially enchanted to burn those struck by it, causing extra
   injury to most foes and up to half again as much damage against particularly
   susceptible opponents.
   It affects your magic capacity (+9).
   It has a curse placed upon it.
Missiles
 b - 435 stones
Armour
 e - a +0 cloak of willpower (worn)
 k - a +0 buckler (worn)
 s - a +1 pair of gloves (worn)
 y - the +1 helmet of Beogh's Inspiration (worn) {Stlth+}
   (You acquired it on level 5 of the Lair of Beasts)

   It makes you more stealthy.
 H - the +0 leather armour "Xuibat" (worn) {*Drain rCorr Int+3 Stlth+}
   (You bought it in a shop on level 5 of the Dungeon)

   It affects your intelligence (+3).
   It provides partial protection from all sources of acid and corrosion.
   It causes draining when unequipped.
   It makes you more stealthy.
 M - +0 swamp dragon scales
Jewellery
 c - a +6 ring of dexterity
 h - an amulet of regeneration (around neck)
 t - a ring of magical power (left hand)
 z - a ring of the Octopus King (right hand) {rC+ AC+1 EV+1 Str+1 Int+1 Dex+1}
   (You found it on level 1 of the Lair of Beasts)

   [ring of protection from cold]

   It affects your AC (+1).
   It affects your evasion (+1).
   It affects your strength (+1).
   It affects your intelligence (+1).
   It affects your dexterity (+1).
   It protects you from cold.
 E - an uncursed ring of fire
 Z - an uncursed ring of ice
Wands
 I - a wand of flame (24)
 O - a wand of charming (8)
 P - a wand of polymorph (33)
 T - a wand of paralysis (8)
 W - a wand of random effects (28)
 Y - a wand of digging (5)
Scrolls
 f - 3 scrolls of fear
 i - 5 scrolls of amnesia
 l - 3 scrolls of magic mapping
 m - a scroll of immolation
 n - 2 scrolls of enchant weapon
 p - 4 scrolls of remove curse
 q - 8 scrolls of teleportation
 J - 3 scrolls of fog
 K - a scroll of summoning {unknown}
 N - 5 scrolls of enchant armour
 S - a scroll of holy word
Potions
 d - 4 potions of ambrosia
 j - 5 potions of lignification
 o - 7 potions of haste
 r - 6 potions of heal wounds
 u - a potion of magic {unknown}
 v - 6 potions of brilliance
 w - 8 potions of curing
 x - 3 potions of invisibility
 B - 2 potions of might
 C - 4 potions of berserk rage
 D - a potion of mutation {unknown}
 U - 4 potions of attraction
 V - a potion of flight {unknown}
Miscellaneous
 g - a phantom mirror
 A - a tin of tremorstones (2/2)
 F - a condenser vane
 G - a box of beasts


   Skills:
 + Level 10.5 Fighting
 - Level 2.4 Dodging
 - Level 10.0 Stealth
 - Level 5.6 Shields
 - Level 10.6 Spellcasting
 - Level 3.0 Conjurations
 - Level 1.0 Transmutations
 * Level 16.8 Earth Magic


You had 19 spell levels left.
You knew the following spells:

 Your Spells              Type           Power        Failure   Level
a - Stone Arrow           Conj/Erth      100%         1%          3
b - Passwall              Tmut/Erth      44%          1%          2
c - Sandblast             Erth           100%         0%          1
d - Petrify               Tmut/Erth      53%          1%          4
e - Lee's Rapid Deconstr  Erth           38%          1%          5

Your spell library contained the following spells:

 Spells                   Type           Power        Failure   Level
 Ozocubu's Refrigeration  Ice            6%           100%        7
 Leda's Liquefaction      Hex/Erth       26%          2%          4
 Inner Flame              Hex/Fire       12%          6%          3
 Animate Skeleton         Necr           24%          8%          1
 Apportation              Tloc           24%          8%          1
 Corona                   Hex            13%          8%          1
 Summon Small Mammal      Summ           48%          8%          1
 Hailstorm                Conj/Ice       19%          11%         4
 Slow                     Hex            12%          12%         2
 Portal Projectile        Hex/Tloc       24%          22%         3
 Cause Fear               Hex            6%           58%         4
 Freezing Cloud           Conj/Ice/Air   8%           86%         6


Dungeon Overview and Level Annotations

Branches:
Dungeon (10/15)            Temple (0/1) D:4            Lair (6/6) D:9
 Shoals (0/4) Lair:3       Spider (0/4) Lair:2        Slime (0/5) Lair:5
    Orc: D:9-12

Altars:
Elyvilon
Fedhas
Hepliaklqana
Okawaru
Ru
Sif Muna
Trog
Uskayaw
Vehumet
Xom
Yredelemnul
The Shining One

Shops:
D:5 [   D:9 (   D:10 !


Innate Abilities, Weirdness & Mutations

You are small and have problems with some larger weapons.
You are completely attuned to the shadows.


Message History

Unknown command.
Unknown command.
Unknown command.
Unknown command.
Casting: Lee's Rapid Deconstruction (safe; 1% risk of failure)
Confirm with . or Enter, or press ? or * to list all spells.
Aiming: Lee's Rapid Deconstruction (safe; 1% risk of failure)
Press: ? - help, Dir - move target A rock wall.
The wall shatters!
The blast of rock fragments hits the torpor snail!
You kill the torpor snail!
Vehumet accepts your kill.
The blast of rock fragments hits the manticore!!
The manticore is severely wounded.
You feel yourself speed up.
You feel sick. The rime drake breathes ice at you. You block the flash freeze.
The manticore bites you!!
You die...

##.#.#..........
#..####.....P.#.
##..# ###.......
#### #........
##### #
#........
##...#.##
#P........
##.......#
##...P....
##...k#.#..
#....P...
#....@†...
##.......
##....H#...
#.......
#P.....#.|.
#..<÷.÷.
##..#####
#......†
#.......#
#..P....
#P..#...#
#.......
#...#...#####
##......
##..#†###P..##
##...[.
#P.....#....#
##.#....


You could see a manticore and a rime drake (catching breath).

Vanquished Creatures
  Harold (D:8)
  A boulder beetle (Lair:3)
  6 hydras
  A catoblepas (Lair:6)
  3 two-headed ogres (D:9)
  Erica (D:8)
  3 death yaks (Lair:6)
  An orange crystal statue (D:8)
  2 lindwurms (Lair:6)
  Pikel (D:6)
  An oklob plant (Lair:4)
  An ugly thing (D:10)
  A manticore (Lair:6)
  A torpor snail (Lair:6)
  Maurice (D:8)
  8 black mambas
  12 cane toads
  Maggie (D:7)
  2 rime drakes
  7 komodo dragons
  A troll (D:10)
  4 polar bears
  Prince Ribbit (D:5)
  Grinder (D:4)
  9 blink frogs
  14 dream sheep
  6 wyverns
  2 basilisks (Lair:6)
  49 yaks
  Edmund (D:5)
  3 swamp worms (Lair:1)
  18 water moccasins
  Duvessa (D:7)
  3 sky beasts
  3 ice beasts
  A necrophage (D:9)
  5 orc warriors
  An ogre (D:5)
  15 wolves
  A hornet zombie (D:10)
  5 phantoms
  2 centaurs
  2 big kobolds
  20 bullfrogs
  Dowan (D:7)
  A scorpion (D:8)
  5 killer bees
  14 wights
  An electric eel (Lair:3)
  4 howler monkeys
  2 lava snakes (D:8)
  3 hounds
  A quasit (D:6)
  9 orc priests
  A jelly (D:8)
  2 bullfrog skeletons
  3 centaur skeletons
  Jessica (D:2)
  Terence (D:2)
  2 iguanas
  8 orc wizards
  Natasha (twice) (D:3)
  7 hell rats (Lair:4)
  7 worker ants
  2 hound zombies
  A hound skeleton (D:5)
  A howler monkey zombie (D:9)
  3 gnolls (D:6)
  13 adders
  A howler monkey skeleton (D:10)
  3 shadow imps
  2 white imps
  An ufetubus (D:7)
  An ooze (D:5)
  An adder zombie (D:9)
  5 worms
  A dart slug (D:2)
  8 leopard geckos
  35 orcs
  12 bats
  3 giant cockroaches (D:1)
  10 goblins
  10 hobgoblins
  13 jackals
  14 kobolds
  3 quokkas
  3 ball pythons
  7 frilled lizards
  A giant cockroach zombie (D:6)
  A jackal skeleton (D:4)
  11 rats
464 creatures vanquished.

Vanquished Creatures (others)
  4 bushes (Lair:6)
  37 fungi
  39 plants
80 creatures vanquished.

Grand Total: 544 creatures vanquished

Notes
Turn   | Place    | Note
-------+----------+-------------------------------------------
     0 | D:1      | lunkers the Kobold Earth Elementalist began the quest for
                  | the Orb.
     0 | D:1      | Reached XP level 1. HP: 10/10 MP: 3/3
    89 | D:1      | Reached XP level 2. HP: 15/15 MP: 1/5
   475 | D:1      | Reached XP level 3. HP: 19/19 MP: 4/6
  1090 | D:1      | Reached skill level 4 in Earth Magic
  1496 | D:2      | Reached XP level 4. HP: 24/24 MP: 1/8
  1634 | D:2      | Noticed Terence
  1639 | D:2      | Learned a level 2 spell: Passwall
  1643 | D:2      | Learned a level 3 spell: Stone Arrow
  1710 | D:2      | Killed Terence
  1904 | D:2      | Reached XP level 5. HP: 28/28 MP: 6/9
  1999 | D:2      | Found a radiant altar of Vehumet.
  2168 | D:2      | Became a worshipper of Vehumet
  2296 | D:2      | Noticed Jessica
  2300 | D:2      | Killed Jessica
  2301 | D:2      | Reached skill level 5 in Earth Magic
  2818 | D:3      | Noticed a moth of wrath
  3341 | D:3      | Noticed Natasha
  3343 | D:3      | Killed Natasha
  3344 | D:3      | Reached XP level 6. HP: 32/32 MP: 9/11
  3531 | D:3      | Found a bloodstained altar of Trog.
  3533 | D:3      | Reached * piety under Vehumet
  3533 | D:3      | Offered knowledge of Shock by Vehumet.
  3668 | D:3      | Noticed Natasha
  3722 | D:3      | Killed Natasha
  3989 | D:4      | Found an iron altar of Okawaru.
  3996 | D:4      | Reached skill level 6 in Earth Magic
  4234 | D:4      | Found a white marble altar of Elyvilon.
  4235 | D:4      | Noticed Grinder
  4240 | D:4      | Killed Grinder
  4241 | D:4      | Reached XP level 7. HP: 36/36 MP: 5/14
  4457 | D:4      | Reached skill level 7 in Earth Magic
  4541 | D:4      | Found a staircase to the Ecumenical Temple.
  4744 | D:5      | Entered Level 5 of the Dungeon
  4775 | D:5      | Reached skill level 5 in Spellcasting
  4943 | D:5      | Reached XP level 8. HP: 36/41 MP: 6/15
  5205 | D:5      | Reached skill level 8 in Earth Magic
  5305 | D:5      | Found Peomn's Antique Armour Shoppe.
  5314 | D:5      | Bought a fine leather armour for 196 gold pieces
  5324 | D:5      | Identified the cursed +0 leather armour "Xuibat" {*Drain
                  | rCorr Int+3 Stlth+} (You bought it in a shop on level 5 of
                  | the Dungeon)
  5340 | D:5      | Found a sacrificial altar of Ru.
  5428 | D:5      | Found a blossoming altar of Fedhas.
  5585 | D:5      | Noticed Prince Ribbit
  5586 | D:5      | Noticed Edmund
  5595 | D:5      | Killed Prince Ribbit
  5606 | D:5      | Killed Edmund
  5607 | D:5      | Reached skill level 9 in Earth Magic
  5763 | D:5      | Reached XP level 9. HP: 45/45 MP: 8/18
  6231 | D:6      | Found a sacrificial altar of Ru.
  7309 | D:6      | Found a hide-covered altar of Uskayaw.
  7434 | D:6      | Noticed Pikel
  7436 | D:6      | Killed Pikel
  7437 | D:6      | Reached skill level 10 in Earth Magic
  7491 | D:6      | Found a shimmering altar of Xom.
  7493 | D:6      | Found a basalt altar of Yredelemnul.
  8070 | D:7      | Noticed Maggie
  8076 | D:7      | Killed Maggie
  8077 | D:7      | Reached XP level 10. HP: 50/50 MP: 14/21
  8173 | D:7      | Reached skill level 11 in Earth Magic
  8216 | D:7      | Found a hazy altar of Hepliaklqana.
  8253 | D:7      | Noticed Duvessa
  8258 | D:7      | Killed Duvessa
  8259 | D:7      | Noticed Dowan
  8261 | D:7      | Killed Dowan
  8277 | D:7      | Found a glowing golden altar of the Shining One.
  8292 | D:7      | Reached ** piety under Vehumet
  8489 | D:7      | Offered knowledge of Freeze by Vehumet.
  8677 | D:7      | Found a shimmering altar of Xom.
  9460 | D:8      | Reached skill level 1 in Fighting
  9788 | D:8      | Noticed Maurice
  9794 | D:8      | Killed Maurice
  9795 | D:8      | Reached skill level 1 in Conjurations
 10002 | D:8      | Noticed an orange crystal statue
 10008 | D:8      | Killed an orange crystal statue
 10009 | D:8      | Reached skill level 12 in Earth Magic
 10095 | D:8      | Found a shimmering blue altar of Sif Muna.
 10171 | D:8      | Offered knowledge of Ignite Poison by Vehumet.
 10425 | D:8      | Noticed Erica
 10431 | D:8      | Killed Erica
 10432 | D:8      | Reached skill level 5 in Stealth
 10432 | D:8      | Reached XP level 11. HP: 59/59 MP: 15/23
 10516 | D:8      | Noticed Harold
 10522 | D:8      | Killed Harold
 10523 | D:8      | Reached skill level 1 in Shields
 10955 | D:9      | Reached *** piety under Vehumet
 10987 | D:9      | Noticed a two-headed ogre
 10991 | D:9      | Killed a two-headed ogre
 11104 | D:9      | Identified Sif Muna's Reference Book on Ensnaring Snow
 11311 | D:9      | Found Xeklan's Antique Weapon Shop.
 11314 | D:9      | Bought a shimmering mace for 256 gold pieces
 11314 | D:9      | Identified the cursed +2 mace of Qecu Eri {flame, MP+9}
                  | (You bought it in a shop on level 9 of the Dungeon)
 11443 | D:9      | Noticed a two-headed ogre
 11446 | D:9      | Killed a two-headed ogre
 11483 | D:9      | Noticed a two-headed ogre
 11507 | D:9      | Learned a level 4 spell: Petrify
 11513 | D:9      | Learned a level 5 spell: Lee's Rapid Deconstruction
 11529 | D:9      | Killed a two-headed ogre
 11950 | D:9      | Found a staircase to the Lair.
 12041 | D:10     | Entered Level 10 of the Dungeon
 12045 | D:10     | Reached skill level 13 in Earth Magic
 12109 | D:10     | Offered knowledge of Fulminant Prism by Vehumet.
 12109 | D:10     | HP: 1/62 [yak (7)]
 12615 | D:10     | Reached XP level 12. HP: 68/68 MP: 19/25
 12885 | D:10     | Reached skill level 5 in Fighting
 12970 | D:10     | Reached **** piety under Vehumet
 13104 | D:10     | Found Bugug's Distillery.
 13117 | D:10     | Offered knowledge of Iskenderun's Mystic Blast by Vehumet.
 14457 | D:5      | Bought a runed cloak for 210 gold pieces
 14604 | Lair:1   | Entered Level 1 of the Lair of Beasts
 14666 | Lair:1   | Reached skill level 10 in Spellcasting
 15172 | Lair:1   | Reached ***** piety under Vehumet
 15307 | Lair:1   | Found the ring of the Octopus King
 15434 | Lair:1   | Offered knowledge of Airstrike by Vehumet.
 15442 | Lair:1   | Reached skill level 14 in Earth Magic
 15994 | Lair:1   | Got a ring of the Octopus King
 16004 | Lair:1   | Identified a ring of the Octopus King {rC+ AC+1 EV+1 Str+1
                  | Int+1 Dex+1} (You found it on level 1 of the Lair of
                  | Beasts)
 16171 | Lair:2   | Noticed a seven-headed hydra
 16174 | Lair:2   | Killed a seven-headed hydra
 16175 | Lair:2   | Reached XP level 13. HP: 76/76 MP: 27/27
 17356 | Lair:2   | Found a hole to the Spider Nest.
 17457 | Lair:2   | Reached skill level 10 in Stealth
 17681 | Lair:3   | Reached skill level 5 in Shields
 17704 | Lair:3   | Noticed a boulder beetle
 17710 | Lair:3   | Killed a boulder beetle
 18102 | Lair:3   | Found a staircase to the Shoals.
 18258 | Lair:3   | Reached skill level 15 in Earth Magic
 19845 | Lair:4   | Found a hide-covered altar of Uskayaw.
 19884 | Lair:4   | Noticed a six-headed hydra
 19887 | Lair:4   | Killed a six-headed hydra
 20525 | Lair:5   | Found a staircase to the Slime Pits.
 20566 | Lair:5   | Reached XP level 14. HP: 63/84 MP: 28/28
 21373 | Lair:6   | Entered Level 6 of the Lair of Beasts
 21381 | Lair:5   | Identified a scroll of acquirement
 21391 | Lair:5   | Offered knowledge of Ozocubu's Refrigeration by Vehumet.
 21394 | Lair:5   | Acquired the +1 helmet of Beogh's Inspiration {Stlth+}
 21663 | Lair:6   | Reached skill level 16 in Earth Magic
 22255 | Lair:6   | Reached skill level 10 in Fighting
 23109 | Lair:6   | Slain by a manticore

Illustrated notes

Levels and vault maps discovered:
D:1:      dpeg_arrival_rooms_b, layout_basic
D:2:      layout_basic, vehumet_crystals, uniq_terence, uniq_jessica
D:3:      layout_basic, tgw_trog, grunt_ministairs_14, uniq_natasha
D:4:      layout_rooms, elyvilon_altar_3, okawaru_trees_1, uniq_grinder
D:5:      layout_loops_ring, kennysheep_mini_moat, fedhas_altar_fruit_tree,
          serial_shops, nicolae_shop_statue_plus, uniq_prince_ribbit1,
          uniq_edmund
D:6:      layout_basic, nicolae_overflow_hidden_temple,
          chequers_temple_overflow_statue_of_worship,
          nicolae_ru_great_annihilating_truth, uniq_pikel
D:7:      layout_cave_pools, lemuel_crystal_altar, nzn_hepliaklqana_mist_gate,
          basic_altar, serial_park, serial_park_square3
          [serial_park_minivault_5x5_5], serial_park_tiny_pond,
          serial_park_tiny_1, uniq_maggie, uniq_duvessa
D:8:      layout_basic, lemuel_crystal_altar, disabler_island, uniq_maurice,
          uniq_erica, uniq_harold
D:9:      layout_basic, lair_entry_dummy, serial_shops, kennysheep_mini,
          wad_rectangle_vault
D:10:     layout_grid_maze, serial_shops, nicolae_shop_stone
Lair:1:   layout_chaotic_city, worms_lemuel, grunt_megastairs_4,
          lemuel_fruit_tree
Lair:2:   layout_concentric_octagons, spider_nest_entry_a
Lair:3:   layout_regular_city, elwin_shoals_entry_rocks,
          infiniplex_staircase_pool
Lair:4:   layout_cave_pods, lemuel_oklob_altar
Lair:5:   layout_cave_shapes, dpeg_slime_entry_corner
Lair:6:   hangedman_lair_in_review, layout_loops_ring,
          nicolae_volcano_entry_two_sided

Skill      XL: |  1  2  3  4  5  6  7  8  9 10 11 12 13 14 |
---------------+-------------------------------------------+-----
Earth Magic    | 4 5 6 7 9 10 12 13 14 15 16 | 16.8
Spellcasting   | 3 4 5 6 7 8 9 10 | 10.6
Stealth        | 5 7 9 10 | 10.0
Fighting       | 2 4 6 8 10 | 10.5
Conjurations   | 2 3 |  3.0
Shields        | 2 4 5 |  5.6
Dodging        | |  2.4
Transmutations | |  1.0

Action                   |  1- 3 |  4- 6 |  7- 9 | 10-12 | 13-15 || total
-------------------------+-------+-------+-------+-------+-------++-------
Melee: Unarmed           |     1 |     1 |    10 |       |       ||    12
       Short sword       |       |       |       |     5 |       ||     5
       Mace              |       |       |       |     1 |     3 ||     4
 Cast: Sandblast         |    58 |   102 |     9 |       |     4 ||   173
       Stone Arrow       |       |     5 |    91 |   387 |   376 ||   859
       Petrify           |       |       |       |     1 |       ||     1
       Lee's Rapid Decon |       |       |       |       |     3 ||     3
  Use: Scroll            |       |       |     4 |    20 |     4 ||    28
Armor: Robe              |     3 |    10 |     8 |       |       ||    21
       Leather armour    |       |       |     5 |    20 |    38 ||    63
Dodge: Dodged            |    14 |    19 |    50 |    46 |   120 ||   249
Block: Buckler           |       |       |       |    24 |    64 ||    88

Table legend: (Time is in decaauts)
 A = Elapsed time spent in this place.
 B = Non-inter-level travel time spent in this place.
 C = Inter-level travel time spent in this place.
 D = Time resting spent in this place.
 E = Time spent auto-exploring this place.
 F = Levels seen in this place.
 G = Mean time per level.
                   A        B        C        D        E       F      G
               +--------+--------+--------+--------+--------+-----+--------+
         Total |  23146 |  22246 |    900 |    852 |  18977 |  16 | 1446.6 |
       Dungeon |  14601 |  13856 |    745 |    408 |  11912 |  10 | 1460.1 |
          Lair |   8544 |   8390 |    154 |    444 |   7065 |   6 | 1424.0 |
               +--------+--------+--------+--------+--------+-----+--------+

Top non-repeatable levels by time:
    D:10: 2052 daAuts
     D:8: 1679 daAuts
     D:9: 1665 daAuts
     D:6: 1632 daAuts
  Lair:6: 1602 daAuts
  Lair:2: 1584 daAuts
     D:1: 1466 daAuts
  Lair:1: 1461 daAuts
  Lair:3: 1439 daAuts
     D:7: 1407 daAuts
     D:5: 1313 daAuts
  Lair:4: 1284 daAuts
     D:2: 1273 daAuts
  Lair:5: 1171 daAuts
     D:3: 1093 daAuts
